 Dungeon Crawl Stone Soup version 0.31-a0-1074-g0b22e4e0f1 (webtiles) character file.

Game seed: 9729263309113828271

19 promet the Stinger (level 2, 0/15 HPs)
             Began as a Deep Elf Venom Mage on Nov 27, 2023.
             Killed from afar by Sigmund (15 damage)
             ... with a puff of flame
             ... on level 2 of the Dungeon.
             The game lasted 00:05:28 (2292 turns).

promet the Stinger (Deep Elf Venom Mage)            Turns: 2292, Time: 00:05:29

Health: 0/15       AC:  2    Str:  5    XL:     2   Next: 55%
Magic:  7/8        EV: 12    Int: 19    God:
Gold:   95         SH:  0    Dex: 15    Spells: 4/7 levels left

rFire   . . .        a - +1 mace (drain)
rCold   . . .        (no shield)
rNeg    . . .        f - +0 robe
rPois   .            (no helmet)
rElec   .            (no cloak)
rCorr   .            (no gloves)
SInv    .            (no boots)
Will    .....        (no amulet)
Stlth   ++           (no ring)
HPRegen 0.22/turn    (no ring)
MPRegen 0.11/turn

%: no passive effects
@: no status effects
A: no striking features
a: no special abilities


You were on level 2 of the Dungeon.
You visited 1 branch of the dungeon, and saw 2 of its levels.

You collected 95 gold pieces.

Inventory:

Hand Weapons
 a - a +1 mace of draining (weapon)
 l - a +0 club
Missiles
 c - 5 javelins (quivered)
 h - 22 stones
 j - 2 poisoned darts
Armour
 f - a +0 robe (worn)
Scrolls
 e - a scroll of teleportation {unknown}
Potions
 b - a potion of magic
 d - 2 potions of lignification {unknown}
 g - 2 potions of curing
 k - a potion of heal wounds {unknown}


   Skills:
 * Level 0.2 Fighting
 + Level 0.1 Maces & Flails
 + Level 2.5 Dodging
 + Level 2.6 Stealth
 + Level 3.3 Spellcasting
 + Level 1.5 Transmutations
 + Level 0.2 Air Magic
 + Level 3.5 Poison Magic


You had 4 spell levels left.
You knew the following spells:

 Your Spells              Type           Power      Damage    Failure   Level
a - Sting                 Tmut/Pois      48%        1d5       5%          1
b - Poisonous Vapours     Pois/Air       20%        N/A       11%         2

Your spell library contained the following spells:

 Spells                   Type           Power      Damage    Failure   Level
 Mephitic Cloud           Conj/Pois/Air  7%         N/A       26%         3
 Olgreb's Toxic Radiance  Pois           16%        N/A       34%         4


Dungeon Overview and Level Annotations

Branches:
Dungeon (2/15)

Altars:

Annotations:
D:2 Sigmund


Message History

Found 8 gold pieces.
You now have 95 gold pieces (gained 8).
You see here a scarf of resistance.
Found a stone staircase leading up.
e - a scroll labelled WUESU NIDIBB An endoplasm comes into view.
The endoplasm quivers.
Throw: 5 javelins
Press: ? - help, Q - select action, (/) - cycle Shift-Dir - straight line, f - endoplasm
Aim: an endoplasm (84% to hit)
You throw a javelin.
The javelin pierces through the endoplasm.
You kill the endoplasm!
c - 5 javelins (gained 1)
A bat comes into view.
Casting: Poisonous Vapours (safe; 11% risk of failure)
Confirm with . or Enter, or press ? or * to list all spells.
Aiming: Poisonous Vapours (safe; 11% risk of failure)
Press: ? - help, Dir - move target, f - bat
Aim: a bat (asleep) Poisonous vapours surround the bat!
The bat is poisoned.
Casting: Poisonous Vapours (safe; 11% risk of failure)
Confirm with . or Enter, or press ? or * to list all spells.
You can't see any susceptible monsters within range! (Use Z to cast anyway.)
Casting: Poisonous Vapours (safe; 11% risk of failure)
Confirm with . or Enter, or press ? or * to list all spells.
Aiming: Sting (safe; 5% risk of failure)
Press: ? - help, Shift-Dir - straight line, f/p - bat
Aim: a bat (severely wounded, poisoned, 57% to hit)
The sting hits the bat.
The bat looks even sicker.
You kill the bat!
Sigmund the Dreaded comes into view.
He is wielding a +0 scythe.
Sigmund shouts!
Sigmund moves out of view.
Found a stone staircase leading up.
Sigmund points at you and mumbles some strange words.
The puff of flame hits you!
Ouch! That really hurt!
You die...
Sigmund begins carving another notch in his scythe.

#. ###.### ##
#........#
#.#...#..#
#.#.....#..#
+...@......#
#.......<# #@#
#.# ##.# #+# #..#
#.# #.## #.# #.#
##.## #.#
###...#########.#
##..............#


You could see Sigmund.

Vanquished Creatures
  4 endoplasms
  A giant cockroach (D:1)
  A goblin (D:1)
  A hobgoblin (D:1)
  3 quokkas (D:1)
  A ball python (D:1)
  3 bats
  A kobold (D:1)
  2 rats (D:1)
17 creatures vanquished.

Notes
Turn   | Place    | Note
-------+----------+-------------------------------------------
     0 | D:1      | promet the Deep Elf Venom Mage began the quest for the Orb.
     0 | D:1      | Reached XP level 1. HP: 10/10 MP: 6/6
   643 | D:1      | Reached XP level 2. HP: 4/15 MP: 4/8
   793 | D:1      | Learned a level 2 spell: Poisonous Vapours
  2291 | D:2      | Noticed Sigmund
  2292 | D:2      | Killed from afar by Sigmund

Illustrated notes

Levels and vault maps discovered:
D:1:      spicycebolla_green_bress_n_ham, layout_loops_corners
D:2:      minmay_chambers_of_ones, layout_loops_corners, uniq_sigmund

Action                     || total
---------------------------++-------
  Melee: Club              ||     9
         Mace              ||     2
  Throw: Javelin           ||     3
   Cast: Sting             ||    21
         Poisonous Vapours ||     6
    Use: Scroll            ||     5
   Stab: Sleeping          ||     1
 Armour: Robe              ||    11
  Dodge: Dodged            ||    11

Table legend: (Time is in decaauts)
 A = Elapsed time spent in this place.
 B = Non-inter-level travel time spent in this place.
 C = Inter-level travel time spent in this place.
 D = Time resting spent in this place.
 E = Time spent auto-exploring this place.
 F = Levels seen in this place.
 G = Mean time per level.
                   A        B        C        D        E       F      G
               +--------+--------+--------+--------+--------+-----+--------+
         Total |   2295 |   2264 |     31 |   1127 |    564 |   2 | 1147.5 |
       Dungeon |   2295 |   2264 |     31 |   1127 |    564 |   2 | 1147.5 |
               +--------+--------+--------+--------+--------+-----+--------+

Top non-repeatable levels by time:
     D:1: 2040 daAuts
     D:2: 255 daAuts
